 Dungeon Crawl Stone Soup version 0.31.0-11-ge490571c62 (webtiles) character file.

Game seed: 15116768145479892076

8 Gadfly the Ruffian (level 2, 0/21 HPs)
             Began as a Demonspawn Shapeshifter on Jan 26, 2024.
             Slain by a jackal (1 damage)
             ... on level 1 of the Dungeon.
             The game lasted 00:00:42 (137 turns).

Gadfly the Ruffian (Demonspawn Shapeshifter)         Turns: 137, Time: 00:00:43

Health: 0/21       AC:  2    Str: 14    XL:     2   Next: 0%
Magic:  2/2        EV: 12    Int: 10    God:
Gold:   15         SH:  4    Dex: 12    Spells: 1/1 levels left

rFire   . .          .
                       - Unarmed
rCold   . . .        (no shield)
rNeg    . . .        a - +0 animal skin
rPois   .            (helmet currently unavailable)
rElec   .            (cloak currently unavailable)
rCorr   .            (gloves currently unavailable)
SInv    .            (boots currently unavailable)
Will    .....        (no amulet)
Stlth   +            (no ring)
HPRegen 0.23/turn    (no ring)
MPRegen 0.08/turn

%: no passive effects
@: beast-form
A: beast (slay +1), condensation shield
a: Begin Untransformation


You were on level 1 of the Dungeon.
You were a hulking beast.
You visited 1 branch of the dungeon, and saw 1 of its levels.

You collected 15 gold pieces.

Inventory:

Armour
 a - a +0 animal skin (worn)
Talismans
 c - a beast talisman
 d - a flux talisman
Scrolls
 f - a scroll of identify {unknown}
Potions
 b - a potion of lignification
 e - a potion of invisibility {unknown}
 g - 2 potions of mutation {unknown}
 h - a potion of enlightenment {unknown}


   Skills:
 + Level 1.1 Fighting
 * Level 2.0 Dodging
 + Level 2.7 Unarmed Combat
 * Level 0.7 Evocations
 + Level 2.7 Shapeshifting


You had one spell level left.
You didn't know any spells.
Your spell library was empty.

Dungeon Overview and Level Annotations

Branches:
Dungeon (1/15)

Altars:

Shops:
D:1 !


Innate Abilities, Weirdness & Mutations

You are a hulking beast.
Your limbs bulge with bestial killing power. (Slay +1)
A meltable shield of frost defends you. (SH +4)


Message History

Your Dodging skill increases to level 2!
You have reached level 2!
Your demonic ancestry asserts itself...
Frost condenses into a shield before you.
The jackal attacks as it pursues you! The jackal bites you.
You block the rat's attack. The jackal attacks as it pursues you!
The jackal bites you but does no damage.
The jackal closely misses you. The rat attacks as it pursues you!
The rat closely misses you. You block the jackal's attack.
The jackal attacks as it pursues you! The jackal barely misses you.
The jackal attacks as it pursues you! You block the jackal's attack.
The jackal attacks as it pursues you! The jackal bites you.
* * * LOW HITPOINT WARNING * * *
The jackal closely misses you. The jackal attacks as it pursues you!
The jackal barely misses you. The jackal bites you.
* * * LOW HITPOINT WARNING * * *
The jackal attacks as it pursues you!
The jackal bites you but does no damage.
The jackal attacks as it pursues you! The jackal barely misses you.
Found a spear.
The jackal attacks as it pursues you! You block the jackal's attack.
The jackal misses you. The jackal bites you.
* * * LOW HITPOINT WARNING * * *
The jackal attacks as it pursues you!
The jackal bites you but does no damage.
The jackal closely misses you. The jackal attacks as it pursues you!
The jackal bites you but does no damage.
The jackal misses you. The jackal closely misses you.
The jackal attacks as it pursues you! The jackal misses you.
The jackal bites you but does no damage.
The jackal completely misses you.
There is a stone staircase leading down here.
The jackal misses you. The jackal closely misses you. The jackal bites you.
* * * LOW HITPOINT WARNING * * *
The jackal bites you.
You die...

..............##+#..#+####
.†.......................#
....###..................#
..#####..................#
..#).....................#
..#..........g.†.........#
..#......###.............#
..#............h.........#
#
..+...........rhh........#
# #............h....######
# ####...###............#
# #... #####.##.....# #
#.. ####.##.....#########
#. #...................∩
#......#....########.
.......#..†.........#
.......##.......###.#


You could see 3 jackals, a goblin and a rat.

Vanquished Creatures
  A dart slug (D:1)
  A hobgoblin (D:1)
  A jackal (D:1)
  A ball python (D:1)
  2 frilled lizards (D:1)
  A rat (D:1)
7 creatures vanquished.

Notes
Turn   | Place    | Note
-------+----------+-------------------------------------------
     0 | D:1      | Gadfly the Demonspawn Shapeshifter began the quest for the
                  | Orb.
     0 | D:1      | Reached XP level 1. HP: 15/15 MP: 1/1
    28 | D:1      | Found Xeloeci's Distillery.
   123 | D:1      | Gained mutation: A meltable shield of frost defends you.
                  | (SH +4) [demonic ancestry]
   123 | D:1      | Reached XP level 2. HP: 10/21 MP: 2/2
   130 | D:1      | HP: 1/21 [jackal (3)]
   137 | D:1      | HP: 1/21 [jackal (2)]
   137 | D:1      | Slain by a jackal

Illustrated notes

Levels and vault maps discovered:
D:1:      kennysheep_arrival_seaside, layout_basic, serial_shops, shop,
          serial_park_tiny_pond, hangedman_decor_push

Skill      XL: |  1 |
---------------+----+-----
Dodging        | 2 |  2.0
Fighting       | |  1.1
Unarmed Combat | |  2.7
Evocations     | |  0.7
Shapeshifting  | |  2.7

Action                     || total
---------------------------++-------
  Melee: Unarmed           ||    20
         Punch             ||     1
 Armour: Animal skin       ||    21
  Dodge: Dodged            ||    33
  Block: Other             ||     4
